 Dungeon Crawl Stone Soup version 0.17.1-2-g5865329 (webtiles) character file.

100 ololoev the Chopper (level 4, 4/35 HPs)
             Began as a Demonspawn Fighter on Jan 25, 2016.
             Quit the game in a sewer.
             The game lasted 00:02:33 (512 turns).

ololoev the Chopper (Demonspawn Fighter)             Turns: 512, Time: 00:02:34

Health: 4/35       AC:  6    Str: 22    XL:     4   Next: 47%
Magic:  4/4        EV:  7    Int:  9    God:
Gold:   74         SH:  9    Dex: 13    Spells: 0 memorised, 3 levels left

rFire  . . .     SeeInvis .     a - +0 war axe
rCold  + . .     Clarity  .     b - +0 scale mail
rNeg   . . .     SustAt   .     c - +0 shield
rPois  .         Gourm    .     (no helmet)
rElec  .         Spirit   .     (no cloak)
rCorr  +         Warding  .     (no gloves)
rMut   .         Stasis   .     (no boots)
MR     .....                    h - amulet of resist corrosion
Stlth  ..........               (no ring)
                                (no ring)

@: mighty, not resistant to hostile enchantments, extremely unstealthy
A: cold resistance 1, rot immunity
a: no special abilities


Innate Abilities, Weirdness & Mutations

Your flesh is cold resistant.
You are immune to rotting.

Inventory:

Hand Weapons
 a - a +0 war axe (weapon)
Armour
 b - a +0 scale mail (worn)
 c - a +0 shield (worn)
Jewellery
 h - an amulet of resist corrosion (around neck)
Scrolls
 d - a scroll of noise {unknown}
 f - a scroll of fog {unknown}
 i - a scroll of blinking {unknown}
Potions
 g - 2 potions of curing {unknown}
 j - a potion of flight {unknown}
 k - a potion of brilliance {unknown}
Comestibles
 e - 3 bread rations
 l - a chunk of flesh


   Skills:
 - Level 3.0 Fighting
 * Level 3.7 Axes
 + Level 3.4 Armour
 - Level 2.6 Shields


You had 3 spell levels left.
You didn't know any spells.
You were in a sewer. You were not hungry. You visited 1 branch of the dungeon, and saw 3 of its levels. You also visited: Sewer. You collected 74 gold pieces. ######## ###.≈....### ### #.≈.≈......### !)# .≈..####≈...≈##.[# ≈≈### ###.≈≈.≈### ≈## ##≈≈....# ≈≈# #.≈...### ≈≈≈≈# #.....##.[# #.≈≈≈......####)@# ##.≈....## #### ######

Notes
Turn   | Place    | Note
--------------------------------------------------------------
     0 | D:1      | ololoev the Demonspawn Fighter began the quest for the Orb.
     0 | D:1      | Reached XP level 1. HP: 18/18 MP: 1/1
   137 | D:2      | Gained mutation: Your flesh is cold resistant. [demonic ancestry]
   137 | D:2      | Reached XP level 2. HP: 17/24 MP: 2/2
   440 | D:3      | Reached XP level 3. HP: 24/29 MP: 3/3
   449 | D:3      | Found a glowing drain.
   453 | Sewer    | Entered a sewer
   498 | Sewer    | Noticed a crocodile
   504 | Sewer    | Killed a crocodile
   504 | Sewer    | Gained mutation: You are immune to rotting. [demonic ancestry]
   504 | Sewer    | Reached XP level 4. HP: 3/35 MP: 4/4
   512 | Sewer    | Quit the game

Dungeon Overview and Level Annotations

Branches:
Dungeon (3/15)

Altars:


Message History

You hear a splash. x2
No target in view!
No target in view!
You enter the shallow water.
Moving in this stuff is going to be slow.
Items here: ( ) †† a dagger; 2 stones; a kobold corpse; a kobold corpse You see here a jackal corpse.
You enter the shallow water.
Moving in this stuff is going to be slow.
You enter the shallow water.
Moving in this stuff is going to be slow.
You enter the shallow water.
Moving in this stuff is going to be slow.
A crocodile comes into view.
Found a scale mail and a scroll labeled BUHERPH EZXURYE.
Found a robe.
Drink which item? (? for menu, Esc to quit)
You feel very mighty all of a sudden.
You slash the crocodile!
The crocodile is heavily wounded.
You block the crocodile's attack. The crocodile bites you!
You are too injured to fight recklessly!
You are too injured to fight recklessly!
Your shield prevents you from hitting the crocodile.
The crocodile is heavily wounded.
The crocodile bites you!
You slash the crocodile!
You kill the crocodile!
Your Axes skill increases to level 3!
You have reached level 4!
You feel agile.
Your demonic ancestry asserts itself...
You feel immune to rotting.
You enter the shallow water.
Moving in this stuff is going to be slow.
Found a long sword.
Found a lumpy grey potion.
Found a hunting sling.
d - a scroll labeled BUHERPH EZXURYE Are you sure you want to abandon this character and quit the game? (Confirm with "yes".)

There were no monsters in sight!

Vanquished Creatures
  A crocodile (Sewer)
  An adder (D:3)
  A worm (D:3)
  2 giant geckos
  4 giant cockroaches
  6 kobolds
  A bat (D:3)
  A goblin (D:3)
  2 jackals (Sewer)
  2 rats
21 creatures vanquished.

Action                   |  1- 3 |  4- 6 || total
-------------------------+-------+-------++-------
Melee: War axe           |    53 |       ||    53
  Use: Potion            |     1 |       ||     1

Vault maps used:
D:1:      dpeg_arrival_rooms_a
D:2:      minmay_misc_feat_x, dk_vineyard_2, uniq_jessica, uniq_terence
D:3:      gup_sewer_entry_bowl
Sewer:    sewer_the_crocodile
